 Dungeon Crawl Stone Soup version 0.29-a0-973-gac7da5f7f0 (webtiles) character file.

Game seed: 17255207177020815746

39 vurker the Sneak (level 3, 0/18 HPs)
             Began as a Vine Stalker Enchanter on July 31, 2022.
             Slain by Jessica
             ... wielding a +0 dagger
              (2 damage)
             ... on level 2 of the Dungeon.
             The game lasted 00:01:25 (1216 turns).

vurker the Sneak (Vine Stalker Enchanter)           Turns: 1216, Time: 00:01:25

Health: 0/18       AC:  7    Str: 12    XL:     3   Next: 47%
Magic:  0/7        EV:  9    Int: 15    God:
Gold:   104        SH:  0    Dex: 14    Spells: 6/6 levels left

rFire   . . .      SeeInvis .   a - +1 dagger
rCold   . . .      Faith    .   (no shield)
rNeg    . . .      Spirit   +   e - +0 scale mail
rPois   .          Reflect  .   (no helmet)
rElec   .          Harm     .   (no cloak)
rCorr   .          Rampage  .   j - +0 pair of gloves
Will    .....                   (no boots)
Stlth   +.........              (no amulet)
HPRegen 0.06/turn               (no ring)
MPRegen 0.10/turn               (no ring)

@: no status effects
A: fangs 2, magic shield, antimagic bite, no potion heal 2
a: no special abilities


You were on level 2 of the Dungeon.
You visited 1 branch of the dungeon, and saw 2 of its levels.

You collected 104 gold pieces.

Inventory:

Hand Weapons
 a - a +1 dagger (weapon)
Missiles
 b - a throwing net (quivered)
Armour
 e - a +0 scale mail (worn)
   (You found it on level 1 of the Dungeon)
 j - a +0 pair of gloves (worn)
   (You found it on level 1 of the Dungeon)
Scrolls
 d - 2 scrolls of identify {unknown}
 f - a scroll of poison {unknown}
 h - a scroll of magic mapping {unknown}
 i - a scroll of teleportation {unknown}
 k - a scroll of fear {unknown}
 l - a scroll of noise {unknown}
Potions
 c - 2 potions of invisibility
 g - a potion of mutation {unknown}
 m - a potion of brilliance {unknown}
 n - a potion of attraction {unknown}


   Skills:
 + Level 1.3 Fighting
 - Level 0.8 Short Blades
 - Level 1.5 Dodging
 - Level 3.6 Stealth
 * Level 2.4 Unarmed Combat
 - Level 2.1 Spellcasting
 - Level 3.0 Hexes


You had 6 spell levels left.
You didn't know any spells.
Your spell library contained the following spells:

 Spells                   Type           Power      Damage    Failure   Level
 Ensorcelled Hibernation  Hex/Ice        12%        N/A       69%         2
 Confusing Touch          Hex            10%        N/A       71%         3
 Tukima's Dance           Hex            10%        N/A       71%         3
 Dazzling Flash           Conj/Hex       12%        N/A       89%         3
 Conjure Flame            Conj/Fire      1%         6-21      98%         3
 Ignite Poison            Fire/Tmut/Pois 1%         N/A       98%         3
 Sticky Flame             Conj/Fire      1%         2d3       100%        4


Dungeon Overview and Level Annotations

Branches:
Dungeon (2/15)

Altars:

Annotations:
D:2 Jessica


Innate Abilities, Weirdness & Mutations

You have extremely sharp teeth.
When hurt, damage is shared between your health and your magic reserves.
Your bite disrupts and absorbs the magic of your enemies.
Potions cannot restore your health.


Message History

The goblin hits you but does no damage.
You closely miss the goblin. The goblin hits you but does no damage.
You closely miss the goblin. The goblin hits you but does no damage.
You closely miss the goblin. Your bite misses the goblin.
The goblin hits you but does no damage.
You hit the goblin. The goblin hits you but does no damage.
You barely miss the goblin. You bite the goblin, but do no damage.
The goblin hits you but does no damage.
You closely miss the goblin. Your bite misses the goblin.
The goblin closely misses you.
You barely miss the goblin. The goblin hits you with a +0 club.
You barely miss the goblin. The goblin hits you with a +0 club.
You hit the goblin.
You kill the goblin!
No target in view!
No target in view!
No target in view!
No target in view!
No target in view!
No target in view!
No target in view!
No target in view!
Jessica and a hobgoblin come into view.
Jessica is wielding a +0 dagger and carrying a wand of light (8).
Found a blackened bronze ring, a club and a scroll labelled URYJID TONWIYSO.
Jessica shouts!
The hobgoblin shouts!
There is an open door here.
You hit the hobgoblin. You bite the hobgoblin. You drain its power.
The hobgoblin barely misses you.
You hit the hobgoblin. You bite the hobgoblin.
You kill the hobgoblin!
You barely miss Jessica.
Jessica zaps a wand.
The bolt of light hits you!
Ouch! That really hurt!
* * * LOW HITPOINT WARNING * * *
You closely miss Jessica. You hit Jessica but do no damage. You punch Jessica.
Jessica closely misses you.
You hit Jessica. Jessica hits you but does no damage.
You hit Jessica but do no damage. Your bite misses Jessica.
Jessica hits you with a +0 dagger.
* * * LOW HITPOINT WARNING * * *
You barely miss Jessica. Jessica hits you but does no damage.
You hit Jessica. Jessica gestures at you while chanting.
Pain shoots through your body!
* * * LOW HITPOINT WARNING * * *
You barely miss Jessica. Jessica hits you with a +0 dagger.
You die...

#.)#.. #.......? #..#.#
#...g.@. #..#.# # #......
###..#.. #.####....=
#....#.# ..........
#......# .........
#......#
........###########......#
........@@..(....##......#
......).########.##......#
......†.# #.#........
........# #.#.#######
........# #.#. ..#######
#.# . #.# #.# #.#


You could see Jessica.

Vanquished Creatures
  A worm (D:2)
  A dart slug (D:1)
  3 endoplasms
  A giant cockroach (D:1)
  6 hobgoblins
  4 jackals (D:2)
  4 ball pythons
  4 bats
  A goblin (D:2)
  3 kobolds (D:2)
  2 rats (D:1)
30 creatures vanquished.

Notes
Turn   | Place    | Note
-------+----------+-------------------------------------------
     0 | D:1      | vurker the Vine Stalker Enchanter began the quest for the
                  | Orb.
     0 | D:1      | Reached XP level 1. HP: 9/9 MP: 4/4
   162 | D:1      | Reached skill level 1 in Unarmed Combat
   166 | D:1      | Reached XP level 2. HP: 10/14 MP: 3/6
   431 | D:1      | Reached skill level 1 in Fighting
   542 | D:1      | Found a faded altar of an unknown god.
   777 | D:2      | Reached XP level 3. HP: 14/18 MP: 7/7
  1200 | D:2      | Noticed Jessica
  1216 | D:2      | Slain by Jessica

Illustrated notes

Levels and vault maps discovered:
D:1:      psy_arrival_whirlpool, layout_rooms,
          hellmonk_ecumenical_altar_inner_sanctum
D:2:      wander_river, layout_basic, minmay_cut_off, uniq_jessica

Skill      XL: |  1  2 |
---------------+-------+-----
Unarmed Combat | 1 2 |  2.4
Fighting       | 1 |  1.3
Short Blades   | |  0.8
Dodging        | |  1.5
Stealth        | |  3.6
Spellcasting   | |  2.1
Hexes          | |  3.0

Action                   || total
-------------------------++-------
Melee: Dagger            ||    94
       Bite              ||    23
       Punch             ||     2
 Stab: Sleeping          ||     1
Armor: Robe              ||     4
       Scale mail        ||    34
Dodge: Dodged            ||    31

Table legend: (Time is in decaauts)
 A = Elapsed time spent in this place.
 B = Non-inter-level travel time spent in this place.
 C = Inter-level travel time spent in this place.
 D = Time resting spent in this place.
 E = Time spent auto-exploring this place.
 F = Levels seen in this place.
 G = Mean time per level.
                   A        B        C        D        E       F      G
               +--------+--------+--------+--------+--------+-----+--------+
         Total |   1217 |   1202 |     15 |      0 |    965 |   2 |  608.5 |
       Dungeon |   1217 |   1202 |     15 |      0 |    965 |   2 |  608.5 |
               +--------+--------+--------+--------+--------+-----+--------+

Top non-repeatable levels by time:
     D:2: 614 daAuts
     D:1: 603 daAuts
